 Dungeon Sprint DCSS version 0.29.1-2-gbd0b4ee654 (webtiles) character file.

Game seed: 12668096668847069627

36958 p00ps00p the Warrior (level 13, -23/124 HPs)
             Began as a Demonspawn Fighter on Nov 4, 2022.
             Was a Believer of Ashenzari.
             Killed from afar by an ancient champion (44 damage)
             ... with an iron shot
             ... in the Dungeon (Sprint V: "Ziggurat Sprint").
             The game lasted 00:24:38 (2017 turns).

p00ps00p the Warrior (Demonspawn Fighter)           Turns: 2017, Time: 00:24:40

Health: -23/124    AC: 48    Str: 21    XL:     13   Next: 55%
Magic:  0/13       EV:  6    Int: 17    God:    Ashenzari [**....]
Gold:   0          SH: 32    Dex: 12    Spells: 12/12 levels left

rFire   + + .      SeeInvis +   F - +14 obsidian axe {vorpal, Mesm Drain Fly SInv, Fort, Self} (curse)
rCold   + . .      Faith    .   H - +18 shield of the Gong {rElec rN+ Will+ EV-5}
rNeg    + + +      Spirit   .   G - +15 Maxwell's patent armour {-Cast -Tele rElec Will+ rCorr, Fort, Comp} (curse)
rPois   .          Reflect  .   (no helmet)
rElec   +          Harm     .   c - +1 cloak {Stlth+}
rCorr   +          Rampage  .   b - +2 pair of gloves {infuse}
Will    +++..      NoTele   +   A - +2 pair of boots of Ashenzari's Burden {rC+ Regen+ Int+4, Range, Melee} (curse)
Stlth   .......... NoCast   +   (no amulet)
HPRegen 2.10/turn               y - ring of Giasa Fips {rN++ SInv}
MPRegen 0.13/turn               K - ring of Kibepradae {rElec rF++ AC+4 Int+2}

@: flying, mesmerised, studying Armour
A: demonic guardian 3, powered by death 1, sharp scales 1, demonic willpower,
weakness stinger 2
a: Renounce Religion, Shatter the Chains


You were in the Dungeon.
You worshipped Ashenzari.
Ashenzari was pleased with you.
You visited 1 branch

Inventory:

Hand Weapons
 F - the cursed +14 obsidian axe (weapon) {vorpal, Mesm Drain Fly SInv, Fort, Self}
   (You found it in the Dungeon)

   It inflicts extra damage upon your enemies.
   It occasionally summons demons to assist the wielder when it strikes in
   combat.
   Its wielder is mesmerised by any visible foes.
   It cannot be unequipped while any foes are visible.
   SInv:      It lets you see invisible.
   Fly:       It grants you flight.
   Drain:     It drains your maximum health when unequipped.
   It has a curse which improves the following skills: Fortitude: Armour and
   Shields.
   Introspection: Fighting and Spellcasting.
Armour
 a - a +0 pair of gloves of strength
 b - a +2 pair of gloves of infusion (worn)
 c - a +1 cloak of stealth (worn)
 A - the cursed +2 pair of boots of Ashenzari's Burden (worn) {rC+ Regen+ Int+4, Range, Melee}
   (You found it in the Dungeon)

   Int:       It affects your intelligence (+4).
   rC:        It protects you from cold.
   Regen:     It increases your rate of health regeneration.
   It has a curse which improves the following skills: Ranged Combat: Ranged
   Weapons and Throwing.
   Melee Combat: Short Blades, Long Blades, Axes, Maces & Flails, Polearms,
   Staves and Unarmed Combat.
 G - the cursed +15 Maxwell's patent armour (worn) {-Cast -Tele rElec Will+ rCorr, Fort, Comp}
   (You found it in the Dungeon)

   rElec:     It insulates you from electricity.
   -Cast:     It prevents spellcasting.
   -Tele:     It prevents most forms of teleportation.
   rCorr:     It protects you from acid and corrosion.
   Will:      It increases your willpower.
   It has a curse which improves the following skills: Fortitude: Armour and
   Shields.
   Companions: Summonings and Necromancy.
 H - the +18 shield of the Gong (worn) {rElec rN+ Will+ EV-5}
   (You found it in the Dungeon)

   It is deafeningly noisy when blocking attacks.
   EV:        It affects your evasion (-5).
   rElec:     It insulates you from electricity.
   rN:        It protects you from negative energy.
   Will:      It increases your willpower.
Jewellery
 y - the ring of Giasa Fips (left hand) {rN++ SInv}
   (You found it in the Dungeon)

   [ring of see invisible]

   rN:        It greatly protects you from negative energy.
   SInv:      It lets you see invisible.
 K - the ring of Kibepradae (right hand) {rElec rF++ AC+4 Int+2}
   (You found it in the Dungeon)

   [ring of protection]

   AC:        It affects your AC (+4).
   Int:       It affects your intelligence (+2).
   rF:        It greatly protects you from fire.
   rElec:     It insulates you from electricity.
Wands
 v - a wand of mindburst (7)
 w - a wand of iceblast (4)
 x - a wand of light (7)
 I - a wand of paralysis (7)
Scrolls
 d - 4 scrolls of brand weapon
 j - 4 scrolls of blinking
 n - 4 scrolls of amnesia
 o - 7 scrolls of fog
 p - 5 scrolls of identify
 q - 2 scrolls of fear
Potions
 e - 10 potions of curing
 f - 8 potions of heal wounds
 g - 16 potions of haste
 h - 7 potions of magic
 i - a potion of berserk rage
 r - 2 potions of brilliance
 s - 2 potions of invisibility
 t - 4 potions of resistance
 J - a potion of attraction
Miscellaneous
 m - a condenser vane
 u - a phial of floods


   Skills:
 - Level 17.8(18.9) Fighting
 - Level 16.3(17.5) Axes
 - Level 16.5(18.2) Armour
 + Level 12.7 Dodging
 - Level 16.4(18.2) Shields


You had 12 spell levels left.
You didn't know any spells.
Your spell library contained the following spells:

 Spells                   Type           Power      Damage    Failure   Level
 Freeze                   Ice            0%         1d3       96%         1
 Ensorcelled Hibernation  Hex/Ice        0%         N/A       99%         2
 Passwall                 Tmut/Erth      0%         N/A       99%         2
 Static Discharge         Conj/Air       0%         3-3/arc   99%         2
 Frozen Ramparts          Ice            0%         1d1       100%        3
 Stone Arrow              Conj/Erth      0%         3d7       100%        3
 Swiftness                Air            0%         N/A       100%        3
 Animate Armour           Summ/Erth      0%         N/A       100%        4
 Corpse Rot               Necr/Pois/Air  0%         N/A       100%        4
 Dispel Undead            Necr           0%         3d6       100%        4
 Hailstorm                Conj/Ice       0%         3d3       100%        4
 Iskenderun's Mystic Bla  Conj/Tloc      0%         2d3       100%        4
 Passage of Golubria      Tloc           0%         N/A       100%        4
 Sticky Flame             Conj/Fire      0%         2d3       100%        4
 Blade Hands              Tmut           0%         N/A       100%        5
 Irradiate                Conj/Tmut      0%         3d11      100%        5
 Iskenderun's Battlesphe  Conj           0%         2d6       100%        5
 Lightning Bolt           Conj/Air       0%         1d11      100%        5
 Iron Shot                Conj/Erth      0%         9d1       100%        6
 Dragon Form              Tmut           0%         N/A       100%        7
 Spellforged Servitor     Conj/Summ      0%         N/A       100%        7
 Borgnjor's Revivificati  Necr           0%         N/A       100%        8
 Disjunction              Tloc           0%         N/A       100%        8
 Lehudib's Crystal Spear  Conj/Erth      0%         10d2      100%        8
 Maxwell's Capacitive Co  Air            0%         ∞         100%        8
 Necromutation            Tmut/Necr      0%         N/A       100%        8
 Death's Door             Necr           0%         N/A       100%        9


Dungeon Overview and Level Annotations

Branches:
Dungeon (1/1)

Altars:
Ashenzari
Cheibriados
Dithmenos
Fedhas
Gozag
Hepliaklqana
Kikubaaqudgha
Makhleb
Nemelex Xobeh
Okawaru
Qazlal
Ru
Sif Muna
Trog
Uskayaw
Vehumet
Wu Jian
Xom
Yredelemnul
Jiyva
Lugonu


Innate Abilities, Weirdness & Mutations

A powerful demonic guardian rushes to your aid.
You regenerate a little health from kills.
You are partially covered in razor-sharp scales. (AC +1, Slay +1)
You punish those that try to bend your will. (Will+)
You have a tail ending in a sharp stinger.


Message History

The ancient champion mumbles some strange words.
The ancient champion seems to speed up.
The ancient champion hits you with a +2 great sword of draining.
* * * LOW HITPOINT WARNING * * *
You block the war gargoyle's attack.
BONNNG!
You block the war gargoyle's attack.
SHROANNG!
You hit the ancient champion. You open a gate to Pandemonium!
A demon appears!
The ancient champion is lightly damaged.
You slash the war gargoyle!
You hit the war gargoyle but do no damage.
You barely miss the ancient champion. You hit the war gargoyle.
Visions of slaying the war gargoyle flood into your mind.
The war gargoyle launches metal splinters at you.
The spray of metal splinters misses you.
Your soul eater hits the war gargoyle but does no damage.
You block the ancient champion's attack.
SHROANNG!
You block the ancient champion's attack.
PTOANNNG!
The war gargoyle hits you with a +0 morningstar!
* * * LOW HITPOINT WARNING * * *
The war gargoyle barely misses you.
The tormentor grins evilly.
Your lorocyproca hits the war gargoyle but does no damage.
You hit the ancient champion.
You tail-slap the ancient champion, but do no damage.
The ancient champion is lightly damaged.
You slash the war gargoyle!
You hit the ancient champion but do no damage.
You hit the war gargoyle but do no damage. x2
Visions of slaying the ancient champion flood into your mind.
You block the war gargoyle's attack.
GONNNNG!
You block the ancient champion's attack.
SHROANNG!
The ancient champion points at you and mumbles some strange words.
The iron shot hits you!!!
You die...

, , ▓...[)[.[ , ,
▓.§☼°§§§)○°...▓...)).})
,
▓..☼§°○§☼§§§..▓........
▓.§☼§.§§○.○☼..▓........
,
▓..○§§§§§§§§..▓........
▓.....r.......▓........
▓...2zzD......▓..▓.....
,,
*..▓Ezz9D..▓..▓.▓▓▓...▓
, , ▓ ▓.▓9@93.▓.▓
▓..▓.)... , ,
▓..▓3.2....▓..▓.....©..
,
▓......4......▓▓▓▓▓▓▓▓▓
▓......©......▓....8©8.
, ,
▓▓▓▓▓▓▓▓▓▓▓▓▓▓▓..}..||)
© , , 8, ▓...}.}}. , ,,
▓........ , , ,
▓........ * ▓........


You could see 2 iron dragons, a quicksilver elemental, 4 ancient champions, a
crystal echidna, 3 war gargoyles, a tormentor, a friendly lorocyproca (summoned,
invisible), a friendly soul eater (summoned), a friendly ynoxinul (summoned) and
a friendly red devil (summoned).

Vanquished Creatures
  3 caustic shrikes (D)
  A Hell Sentinel (D)
  An Ice Fiend (D)
  A titan (D)
  A deep elf master archer (D)
  A frost giant (D)
  An iron dragon (D)
  A stone giant (D)
  4 war gargoyles (D)
  A red draconian (D)
  A wendigo (D)
  An iron golem (D)
  2 merfolk javelineers (D)
  Erolcha (D)
  2 merfolk aquamancers (D)
  A centaur warrior (D)
  A death scarab (D)
  A thrashing horror (D)
  A soul eater (D)
  A crystal echidna (D)
  2 sixfirhies (D)
  A glowing orange brain (D)
  2 draconians (D)
  A worldbinder (D)
  A merfolk siren (D)
  2 manticores (D)
  Joseph (D)
  A naga mage (D)
  Psyche (D)
  A yaktaur (D)
  2 hellions (D)
  3 guardian mummies (D)
  2 tormentors (D)
  A freezing wraith (D)
  A merfolk (D)
  A wind drake (D)
  A slime creature (D)
  A large abomination (D)
  A wraith (D)
  A golden eye (D)
  A neqoxec (D)
  A chaos spawn (D)
  A naga (D)
  4 water moccasins (D)
  6 centaurs (D)
  5 crimson imps (D)
  A quasit (D)
  A jelly (D)
  2 iron imps (D)
  Jessica (D)
  3 orc wizards (D)
  A small abomination (D)
  An adder (D)
  5 white imps (D)
  An ufetubus (D)
  An adder simulacrum (D)
  An orc (D)
  A ball python (D)
  A ball python simulacrum (D)
  2 bat simulacra (D)
  A giant cockroach simulacrum (D)
  2 giant cockroach zombies (D)
97 creatures vanquished.

Vanquished Creatures (collateral kills)
  A nargun (D)
  A stone giant (D)
  A merfolk javelineer (D)
  A merfolk impaler (D)
  A yaktaur captain (D)
  2 draconians (D)
  A faun (D)
  A cyclops (D)
  A naga mage (D)
  A tormentor (D)
  A yaktaur (D)
  2 merfolk (D)
  Sigmund (D)
  A small abomination (D)
  Duvessa (D)
  A bat zombie (D)
18 creatures vanquished.

Vanquished Creatures (others)
  An ancient champion (D)
  A water nymph (D)
2 creatures vanquished.

Grand Total: 117 creatures vanquished

Notes
Turn   | Place    | Note
-------+----------+-------------------------------------------
     0 | D        | p00ps00p the Demonspawn Fighter began the quest for the
                  | Orb.
     0 | D        | Reached XP level 1. HP: 18/18 MP: 1/1
     3 | D        | Found a blossoming altar of Fedhas.
     3 | D        | Found the +6 Majin-Bo {vamp, MP+6 Int+6}
     3 | D        | Found the +9 heavy crossbow "Sniper" {vorpal, Acc+∞ SInv}
     3 | D        | Found the +10 dark maul {vorpal}
     3 | D        | Found the +15 Maxwell's patent armour {-Cast -Tele rElec
                  | Will+ rCorr}
     3 | D        | Found the +18 shield of the Gong {rElec rN+ Will+ EV-5}
     3 | D        | Found the +14 obsidian axe {vorpal, Mesm Drain Fly SInv}
     3 | D        | Found the +7 great mace "Firestarter" {inner flame, rF++}
     3 | D        | Found the +6 shillelagh "Devastator" {shatter}
     3 | D        | Found the +11 plutonium sword {Contam Stlth-}
     3 | D        | Found the +8 lance "Wyrmbane" {slay drac, rPois rF+ rC+
                  | AC+3}
     3 | D        | Found the +9 sword of Zonguldrok {reap}
     3 | D        | Found the +13 scythe of Curses {drain, Drain}
     3 | D        | Found the +5 sword of Power {vorpal}
     3 | D        | Found the +7 mace of Variability {chain chaos}
     3 | D        | Found the +7 Singing Sword {vorpal, sonic wave}
     3 | D        | Found the +8 storm bow {elec, penet}
     7 | D        | Found a viscous altar of Jiyva.
     7 | D        | Found a hazy altar of Hepliaklqana.
     7 | D        | Found a transporter.
     7 | D        | Found an opulent altar of Gozag.
     7 | D        | Found an ancient bone altar of Kikubaaqudgha.
     7 | D        | Found a corrupted altar of Lugonu.
    19 | D        | Found a burning altar of Makhleb.
    20 | D        | Found a stormy altar of Qazlal.
    20 | D        | Found an iron altar of Okawaru.
    20 | D        | Found a sacrificial altar of Ru.
    20 | D        | Found a sparkling altar of Nemelex Xobeh.
    20 | D        | Found a shimmering blue altar of Sif Muna.
    20 | D        | Found a bloodstained altar of Trog.
   107 | D        | Became a worshipper of Ashenzari the Shackled
   140 | D        | Reached skill level 4 in Fighting
   140 | D        | Gained mutation: A weak demonic guardian rushes to your
                  | aid. [demonic ancestry]
   140 | D        | Reached XP level 2. HP: 26/26 MP: 2/2
   203 | D        | Entered arena 2.
   203 | D        | Noticed a thrashing horror
   203 | D        | Found a transporter.
   208 | D        | Killed a thrashing horror
   209 | D        | Reached skill level 8 in Fighting
   209 | D        | Gained mutation: You are partially covered in razor-sharp
                  | scales. (AC +1, Slay +1) [demonic ancestry]
   209 | D        | Reached XP level 3. HP: 29/38 MP: 3/3
   209 | D        | Reached XP level 4. HP: 34/45 MP: 4/4
   209 | D        | Reached XP level 5. HP: 39/51 MP: 5/5
   209 | D        | Gained mutation: A demonic guardian rushes to your aid.
                  | [demonic ancestry]
   209 | D        | Reached XP level 6. HP: 44/57 MP: 6/6
   209 | D        | Gained mutation: You have a small tail. [demonic ancestry]
   209 | D        | Reached XP level 7. HP: 48/63 MP: 7/7
   217 | D        | Entered arena 3.
   217 | D        | Noticed a golden eye
   217 | D        | Noticed a slime creature
   217 | D        | Found a transporter.
   221 | D        | Killed a slime creature
   222 | D        | Reached skill level 9 in Fighting
   222 | D        | Killed a golden eye
   234 | D        | Entered arena 4.
   234 | D        | Found the +0 staff of Battle
   234 | D        | Found a transporter.
   239 | D        | Reached XP level 8. HP: 60/72 MP: 8/8
   265 | D        | Entered arena 5.
   265 | D        | Found a transporter.
   282 | D        | Got the ring "Pos Ischest" {rElec rC+ Will+ Str-3}
   288 | D        | Entered arena 6.
   288 | D        | Noticed a draconian
   288 | D        | Noticed a draconian
   288 | D        | Noticed a red draconian
   288 | D        | Noticed a draconian
   288 | D        | Noticed a draconian
   288 | D        | Found a transporter.
   295 | D        | Killed a draconian
   296 | D        | Reached skill level 10 in Fighting
   296 | D        | Killed a draconian
   297 | D        | Killed a draconian
   298 | D        | Reached skill level 11 in Fighting
   298 | D        | Reached skill level 10 in Armour
   298 | D        | Reached skill level 10 in Shields
   298 | D        | Gained mutation: A powerful demonic guardian rushes to your
                  | aid. [demonic ancestry]
   298 | D        | Reached XP level 9. HP: 52/81 MP: 9/9
   300 | D        | Killed a draconian
   301 | D        | Reached skill level 10 in Axes
   304 | D        | Killed a red draconian
   716 | D        | Got the Compilation of Breath
   724 | D        | Entered arena 7.
   724 | D        | Noticed Sigmund
   724 | D        | Noticed Jessica
   724 | D        | Noticed Duvessa
   724 | D        | Noticed Erolcha
   724 | D        | Noticed Joseph
   724 | D        | Noticed Psyche
   727 | D        | Killed Jessica
   730 | D        | Killed Psyche
   730 | D        | Killed Duvessa
   731 | D        | Reached skill level 12 in Fighting
   731 | D        | Killed Erolcha
   732 | D        | Gained mutation: You have a tail ending in a sharp stinger.
                  | [demonic ancestry]
   732 | D        | Reached XP level 10. HP: 91/91 MP: 10/10
   732 | D        | Found a transporter.
   735 | D        | Killed Joseph
   735 | D        | Killed Sigmund
   758 | D        | Entered arena 8.
   758 | D        | Noticed a death scarab
   764 | D        | Found a transporter.
   770 | D        | Reached skill level 13 in Fighting
   779 | D        | Killed a death scarab
   787 | D        | Got the ring of Kibepradae {rElec rF++ AC+4 Int+2}
   817 | D        | Entered arena 9.
   817 | D        | Noticed a cyclops
   819 | D        | Found a transporter.
   826 | D        | Reached * piety under Ashenzari
   826 | D        | Identified the ring "Zah Weut" {rF++ AC+4 Int-3}
   826 | D        | Identified the +7 hand axe of Chaos {antimagic, rN+}
   831 | D        | Killed a cyclops
   867 | D        | Entered arena 10.
   867 | D        | Identified the +1 ring mail of Divine Intervention {Int+3}
   867 | D        | Noticed a sixfirhy
   867 | D        | Noticed a soul eater
   867 | D        | Noticed a sixfirhy
   871 | D        | Killed a sixfirhy
   872 | D        | Reached XP level 11. HP: 55/101 MP: 11/11
   873 | D        | Killed a sixfirhy
   874 | D        | Reached skill level 14 in Fighting
   875 | D        | Killed a soul eater
   880 | D        | Found a transporter.
  1131 | D        | Entered arena 11.
  1131 | D        | Found the +7 lajatang of Order {silver, rMut}
  1137 | D        | Found a transporter.
  1344 | D        | Entered arena 12.
  1344 | D        | Identified the ring of Giasa Fips {rN++ SInv}
  1344 | D        | Noticed a merfolk impaler
  1344 | D        | Noticed a merfolk javelineer
  1344 | D        | Noticed a merfolk aquamancer
  1344 | D        | Noticed a merfolk aquamancer
  1346 | D        | Identified the +2 pair of boots of the Beekeeper {rC+
                  | Regen+ Int+4}
  1351 | D        | Killed a merfolk aquamancer
  1352 | D        | Reached skill level 15 in Fighting
  1353 | D        | Killed a merfolk aquamancer
  1354 | D        | Found a transporter.
  1355 | D        | Killed a merfolk impaler
  1356 | D        | Killed a merfolk javelineer
  1356 | D        | Noticed a sun demon
  1628 | D        | Entered arena 13.
  1628 | D        | Noticed an ancient champion
  1628 | D        | Noticed an iron golem
  1628 | D        | Noticed a war gargoyle
  1628 | D        | Noticed a crystal echidna
  1629 | D        | Noticed a war gargoyle
  1629 | D        | Noticed a war gargoyle
  1629 | D        | Noticed a Hell Sentinel
  1630 | D        | Noticed a caustic shrike
  1631 | D        | Noticed an iron dragon
  1631 | D        | Identified a scroll of acquirement
  1640 | D        | Killed a war gargoyle
  1640 | D        | Killed a war gargoyle
  1641 | D        | Gained mutation: You regenerate a little health from kills.
                  | [demonic ancestry]
  1641 | D        | Reached XP level 12. HP: 60/113 MP: 12/12
  1645 | D        | Killed a Hell Sentinel
  1646 | D        | Reached skill level 16 in Fighting
  1647 | D        | Killed a caustic shrike
  1647 | D        | Killed an ancient champion
  1648 | D        | Reached skill level 15 in Axes
  1648 | D        | Reached skill level 15 in Armour
  1648 | D        | Reached skill level 15 in Shields
  1651 | D        | Found a transporter.
  1657 | D        | Killed a war gargoyle
  1657 | D        | Killed an iron dragon
  1671 | D        | Killed an iron golem
  1672 | D        | Reached skill level 17 in Fighting
  1722 | D        | Acquired a +0 pair of gloves of strength
  1738 | D        | Entered arena 14.
  1744 | D        | Noticed a stone giant
  1744 | D        | Noticed a deep elf master archer
  1744 | D        | Noticed a merfolk javelineer
  1745 | D        | Noticed a centaur warrior
  1758 | D        | Noticed a stone giant
  1759 | D        | Killed a centaur warrior
  1759 | D        | Noticed a merfolk javelineer
  1765 | D        | Killed a merfolk javelineer
  1766 | D        | Noticed a yaktaur captain
  1768 | D        | Killed a merfolk javelineer
  1774 | D        | Killed a yaktaur captain
  1781 | D        | Killed a deep elf master archer
  1789 | D        | Killed a stone giant
  1789 | D        | Killed a stone giant
  1790 | D        | Gained mutation: You punish those that try to bend your
                  | will. (Will+) [demonic ancestry]
  1790 | D        | Reached XP level 13. HP: 77/124 MP: 13/13
  1802 | D        | Found a transporter.
  1851 | D        | Entered arena 15.
  1864 | D        | Reached skill level 1 in Dodging
  1875 | D        | Reached skill level 5 in Dodging
  1882 | D        | Identified the Atlas of the Toxic Jaunt
  1883 | D        | Found a transporter.
  1924 | D        | Entered arena 16.
  1925 | D        | Noticed a titan
  1925 | D        | Noticed a nargun
  1925 | D        | Identified the +1 chain mail "Soromem" {rC+ Regen+ Str+2}
  1925 | D        | Noticed a wendigo
  1926 | D        | Noticed an Ice Fiend
  1926 | D        | Noticed a frost giant
  1938 | D        | Killed a frost giant
  1940 | D        | Killed a titan
  1940 | D        | Killed a nargun
  1945 | D        | Killed an Ice Fiend
  1946 | D        | Paralysed by a wendigo for 1 turns
  1950 | D        | Reached skill level 10 in Dodging
  1950 | D        | Killed a wendigo
  1951 | D        | Identified the +6 shortbow "Ysir" {speed, rElec rN+++ Str-2
                  | Int+2}
  1951 | D        | Identified the +0 scale mail "Puvipila" {Contam rPois
                  | Regen+}
  1952 | D        | Found a transporter.
  1962 | D        | Reached ** piety under Ashenzari
  2002 | D        | Entered arena 17.
  2005 | D        | Noticed a war gargoyle
  2005 | D        | Noticed a quicksilver elemental
  2005 | D        | Noticed an iron dragon
  2005 | D        | Noticed an ancient champion
  2005 | D        | Noticed a caustic shrike
  2005 | D        | Noticed a caustic shrike
  2005 | D        | Noticed a war gargoyle
  2005 | D        | Found the +12 glaive of Prune {vorpal}
  2005 | D        | Identified the Guide on Jinxing
  2005 | D        | Noticed a war gargoyle
  2005 | D        | Noticed an ancient champion
  2005 | D        | Noticed an ancient champion
  2005 | D        | Noticed an iron dragon
  2006 | D        | Noticed an ancient champion
  2007 | D        | Noticed a war gargoyle
  2013 | D        | Killed a caustic shrike
  2014 | D        | Killed a caustic shrike
  2015 | D        | Killed a war gargoyle
  2017 | D        | Killed from afar by an ancient champion

Illustrated notes

Levels and vault maps discovered:
D:        sprint_v [room_start, room_1, room_2, room_3, room_4, room_5, room_6,
          room_7, room_8, room_9, room_10, room_11, room_12, room_13, room_14,
          room_15, room_16, room_17, room_18, room_19, room_20, room_21,
          room_22, room_23, room_24, room_25, room_26, room_27]

Skill      XL: |  1  2  3  4  5  6  7  8  9 10 11 12 13 |
---------------+----------------------------------------+-----
Fighting       | 4 8 9 11 12 13 15 17 | 17.8
Axes           | 3 7 8 9 11 12 14 16 | 16.3
Armour         | 4 7 8 10 11 12 14 16 | 16.5
Shields        | 4 7 8 10 11 12 14 16 | 16.4
Dodging        | 12 | 12.7

Action                   |  1- 3 |  4- 6 |  7- 9 | 10-12 | 13-15 || total
-------------------------+-------+-------+-------+-------+-------++-------
Melee: Broad axe         |     4 |       |    30 |   109 |    47 ||   190
       Tailslap          |       |       |     2 |    17 |     6 ||    25
Invok: Curse Item        |       |       |     1 |     1 |     1 ||     3
Evoke: Phial of floods   |       |       |     1 |     3 |       ||     4
       Wand              |       |       |       |     3 |       ||     3
       Condenser vane    |       |       |       |     3 |     3 ||     6
  Use: Potion            |     1 |       |     2 |     4 |       ||     7
       Scroll            |       |       |       |     1 |       ||     1
Armor: Plate armour      |     7 |       |    19 |    88 |    31 ||   145
Dodge: Dodged            |       |       |       |     9 |     6 ||    15
Block: Kite shield       |    11 |       |    48 |   198 |    50 ||   307
